Map: Dusk Towers

Players

Vermilion

  • Race: Protoss Protoss

DeMusliM - Winner!

  • Race: Terran Terran

VOD

Have the link to the VOD?

Description

Time

  • Played on: Nov. 9, 2015, 7:41 p.m.
  • Length: 10:43
Show
View Real Time Build Order
Export as new Build Order

Vermilion Protoss 

Build Orders: Nexus First 

Get SALT Encoding   

  12  0:01  Probe (Chrono Boost)  
  13  0:15  Probe (Chrono Boost)  
  13  0:19  Pylon  
  14  0:26  Probe (Chrono Boost)  
  15  0:38  Probe (Chrono Boost)  
  16  0:56  Nexus  
  16  1:08  Gateway  
  16  1:12  Assimilator  
  16  1:15  Probe (Chrono Boost)  
  17  1:26  Probe (Chrono Boost)  
  18  1:36  Probe (Chrono Boost)  
  20  1:47  Probe (Chrono Boost)  
  20  1:57  Probe (Chrono Boost)  
  21  2:03  Cybernetics Core  
  21  2:04  Pylon  
  21  2:08  Probe (Chrono Boost)  
  22  2:09  Probe (Chrono Boost)  
  22  2:14  Assimilator  
  23  2:18  Probe (Chrono Boost)  
  23  2:20  Probe (Chrono Boost)  
  23  2:21  Zealot  
  27  2:29  Probe (Chrono Boost)  
  28  2:30  Probe (Chrono Boost)  
  28  2:49  Probe (Chrono Boost)  
  28  2:50  Warp Gate  
  31  2:59  Mothership Core (Chrono Boost)  
  31  3:00  Probe (Chrono Boost)  
  32  3:10  Probe (Chrono Boost)  
  33  3:17  Probe (Chrono Boost)  
  34  3:21  Probe (Chrono Boost)  
  35  3:27  Probe (Chrono Boost)  
  35  3:31  Probe (Chrono Boost)  
  35  3:34  Twilight Council  
  37  3:38  Gateway, Probe (Chrono Boost)  
  38  3:42  Probe (Chrono Boost)  
  38  3:43  Gateway  
  38  3:44  Gateway  
  38  3:46  Gateway  
  38  3:47  Gateway  
  39  3:49  Probe (Chrono Boost)  
  39  3:52  Probe (Chrono Boost)  
  41  3:58  Pylon  
  41  3:59  Pylon  
  41  4:00  Probe (Chrono Boost)  
  42  4:03  Probe (Chrono Boost)  
  42  4:04  Assimilator  
  42  4:06  Assimilator  
  43  4:10  Probe (Chrono Boost)  
  43  4:11  Blink (Chrono Boost)  
  44  4:26  Gateway  
  44  4:37  Probe x2  
  46  4:39  Nexus  
  46  4:41  Pylon  
  46  4:49  Probe x2  
  48  5:01  Probe  
  48  5:02  Probe  
  48  5:04  Stalker x4  
  48  5:05  Stalker  
  60  5:09  Stalker  
  62  5:16  Probe x2  
  64  5:25  Stalker  
  64  5:28  Probe x2  
  68  5:30  Sentry  
  70  5:36  Pylon  
  70  5:40  Pylon  
  70  5:41  Pylon  
  70  5:53  Probe  
  70  5:54  Probe  
  70  5:55  Probe  
  73  6:00  Assimilator  
  73  6:04  Probe  
  73  6:05  Forge, Assimilator  
  73  6:07  Probe x2  
  73  6:09  Pylon  
  76  6:15  Robotics Facility  
  76  6:21  Probe x3  
  79  6:29  Pylon  
  79  6:31  Stalker x4  
  79  6:32  Stalker  
  89  6:33  Probe x3  
  89  6:39  Adept, Protoss Ground Weapons Level 1 (Chrono Boost)  
  94  6:45  Probe  
  95  6:48  Probe x2  
  95  6:53  Stalker x2  
  101  6:57  Probe  
  101  7:00  Probe x2  
  104  7:05  Robotics Bay  
  104  7:12  Pylon  
  104  7:14  Pylon  
  104  7:17  Pylon  
  104  7:19  Stalker x2  
  104  7:20  Stalker x4  
  114  7:44  Nexus  
  114  7:46  Pylon  
  114  7:53  Disruptor (Chrono Boost)  
  117  8:01  Stalker  
  117  8:02  Stalker x6  
  131  8:10  Gateway  
  131  8:12  Protoss Ground Weapons Level 2  
  131  8:13  Gateway  
  131  8:14  Gateway  
  131  8:17  Pylon  
  131  8:18  Pylon  
  131  8:22  Gateway  
  131  8:23  Gateway  
  131  8:25  Disruptor (Chrono Boost)  
  134  8:28  Gateway  
  134  8:34  Gateway  
  134  8:38  Sentry  
  134  8:39  Sentry  
  127  8:54  Stalker x5  
  108  9:06  Zealot x2  
  99  9:21  Stalker x2  
  99  9:22  Stalker x5  
  108  9:34  Probe  
  108  9:36  Probe x2  
  107  9:44  Probe  
  92  9:48  Probe  
  91  9:55  Probe  
  91  9:57  Probe  
  91  10:00  Probe  
  91  10:06  Probe  
  92  10:09  Probe  
  92  10:12  Probe  
  91  10:16  Zealot x2  
  91  10:17  Probe, Zealot  
  80  10:21  Probe  
  80  10:24  Probe  
Show
View Real Time Build Order
Export as new Build Order

DeMusliM Terran - Winner!

Build Orders: Reaper Expand, MMM Bio 

Get SALT Encoding   

  12  0:00  SCV  
  13  0:13  SCV  
  14  0:17  Supply Depot  
  14  0:25  SCV  
  15  0:39  SCV, Barracks  
  16  0:43  Refinery  
  16  0:51  SCV  
  17  1:03  SCV  
  18  1:15  SCV  
  19  1:28  Supply Depot  
  19  1:29  Orbital Command  
  19  1:30  Reaper  
  20  1:54  SCV  
  20  1:58  Command Center  
  21  2:02  Barracks Reactor  
  21  2:06  SCV  
  22  2:09  Engineering Bay  
  22  2:29  SCV  
  23  2:36  Command Center  
  23  2:41  SCV, Marine x2  
  26  2:49  Terran Infantry Weapons Level 1  
  25  2:51  Missile Turret  
  25  2:53  SCV  
  26  2:59  Marine x2  
  26  3:05  SCV  
  29  3:12  Missile Turret  
  29  3:15  Bunker, Orbital Command  
  29  3:17  SCV  
  30  3:25  Marine x2  
  32  3:29  SCV  
  33  3:41  SCV  
  33  3:43  Marine x2  
  33  3:44  SCV  
  33  3:45  Supply Depot  
  37  3:50  Orbital Command  
  37  3:54  SCV  
  38  3:56  SCV  
  38  4:01  Marine x2  
  41  4:06  SCV  
  41  4:07  Barracks  
  41  4:08  SCV, Barracks  
  43  4:16  SCV  
  44  4:18  SCV  
  44  4:19  Marine x2  
  44  4:20  SCV  
  48  4:28  SCV  
  48  4:30  SCV  
  50  4:32  SCV  
  50  4:35  Barracks x2  
  50  4:37  Marine x2  
  50  4:38  Refinery  
  53  4:40  SCV  
  53  4:42  SCV  
  53  4:44  Terran Infantry Armor Level 1  
  53  4:45  SCV  
  56  4:48  Supply Depot  
  56  4:50  Supply Depot  
  56  4:52  SCV  
  56  4:54  SCV  
  56  4:57  SCV, Barracks Tech Lab x2, Marine x2  
  61  5:02  Refinery  
  61  5:05  SCV  
  61  5:06  SCV  
  63  5:09  SCV  
  63  5:17  SCV, Stimpack  
  63  5:18  SCV, Factory, Marine x3  
  63  5:20  Combat Shields, Marine  
  68  5:22  SCV  
  69  5:28  Supply Depot  
  69  5:29  SCV, Supply Depot  
  69  5:30  Barracks Tech Lab  
  69  5:31  Supply Depot  
  69  5:32  Barracks Reactor  
  70  5:39  Marine x2  
  72  5:43  Marauder x2  
  72  5:44  SCV x2  
  72  5:47  SCV  
  72  5:49  Refinery  
  79  5:56  SCV x2, Supply Depot  
  81  5:59  SCV, Supply Depot  
  81  6:03  Supply Depot  
  82  6:05  Supply Depot  
  82  6:07  Supply Depot, Marauder x2  
  82  6:08  SCV x2  
  82  6:09  Starport  
  82  6:11  SCV  
  89  6:16  Factory Reactor, Concussive Shells  
  91  6:18  Marauder, Marine x2  
  91  6:20  SCV, Marine x2  
  91  6:21  SCV  
  91  6:23  SCV  
  98  6:30  Marauder x2  
  102  6:33  SCV x2  
  102  6:35  SCV  
  102  6:38  Refinery x2  
  105  6:40  Starport x2  
  105  6:41  Supply Depot  
  105  6:43  Supply Depot  
  105  6:45  SCV x2  
  105  6:46  Supply Depot  
  107  6:47  SCV, Supply Depot  
  107  6:53  Armory  
  108  6:57  SCV  
  108  6:59  Medivac x2  
  113  7:01  SCV x2  
  113  7:06  Marine x3, Marauder x3  
  113  7:07  Marine  
  125  7:09  Factory Reactor  
  124  7:19  Engineering Bay  
  124  7:24  Marine x4  
  124  7:27  Marauder x2  
  124  7:28  Marauder  
  134  7:31  Medivac x2  
  138  7:40  Command Center  
  138  7:42  Barracks x2, Marine x2  
  138  7:43  Barracks  
  140  7:47  Supply Depot  
  140  7:48  Supply Depot, Marine x2  
  140  7:49  Marauder  
  144  7:53  Terran Vehicle And Ship Armor Level 1, Medivac x2  
  148  8:00  Marauder x2, Marine x2  
  148  8:05  Missile Turret x2  
  154  8:07  Marine x2  
  154  8:10  Marauder  
  154  8:11  Terran Infantry Weapons Level 2, Terran Infantry Armor Level 2  
  158  8:18  Refinery, Marine x2  
  160  8:20  Refinery  
  160  8:21  Marine  
  160  8:22  Marauder  
  160  8:24  Marine  
  164  8:33  Barracks Tech Lab x2  
  164  8:34  Barracks Reactor  
  164  8:38  Command Center  
  163  8:43  Marauder, Marine x2  
  163  8:44  Marauder  
  163  8:47  Marauder, Marine  
  162  8:49  Medivac  
  162  8:52  Command Center, Marine  
  162  8:53  Marauder  
  155  8:57  Marauder  
  155  9:00  Marine  
  155  9:01  Marine  
  158  9:04  Marauder, Marine  
  158  9:05  Marine  
  162  9:11  Marine x2  
  162  9:12  Marauder  
  162  9:15  Marine  
  162  9:16  Marauder  
  157  9:18  Marine x2  
  157  9:19  Marine  
  157  9:20  Widow Mine  
  157  9:22  Marine  
  157  9:23  Marauder  
  165  9:25  Orbital Command  
  165  9:26  Marauder  
  165  9:29  Marine x2  
  165  9:33  Marine, Marauder  
  165  9:36  Marauder, Marine  
  165  9:37  Marine  
  168  9:39  Medivac  
  168  9:40  Medivac  
  165  9:49  Marine, Widow Mine  
  165  9:50  Marine x2, Marauder  
  165  9:51  Marauder  
  166  9:53  Marine  
  166  9:54  Marauder  
  166  9:59  Medivac x2  
  167  10:05  Planetary Fortress  
  167  10:08  Orbital Command  
Tags
 
Add a new tag
Caveats
  • Supply blocks, unpowered buildings, or Contaminate may cause inaccurate times.
  • Supply counts are checked every 10 seconds.